 Dungeon Crawl Stone Soup version 0.23.1 (webtiles) character file.

Game seed: 9963323953168811590

19 Kairos the Sneak (level 2, -6/22 HPs)
             Began as a Formicid Assassin on Mar 14, 2019.
             Mangled by a gnoll
             ... wielding a +0 spear of chaos
              (7 damage)
             ... on level 2 of the Dungeon.
             The game lasted 00:01:45 (768 turns).

Kairos the Sneak (Formicid Assassin)                 Turns: 768, Time: 00:01:46

Health: -6/22      AC:  3    Str: 15    XL:     2   Next: 95%
Magic:  2/2        EV: 11    Int: 10    God:
Gold:   68         SH:  0    Dex: 12    Spells: 1/1 levels left

rFire    . . .     SeeInvis +   p - +1 short sword (flame)
rCold    . . .     Gourm    .   (no shield)
rNeg     . . .     Faith    .   c - +0 robe
rPois    .         Spirit   .   (helmet unavailable)
rElec    .         Reflect  .   d - +0 cloak
rCorr    .         Harm     .   (no gloves)
MR       .....                  (no boots)
Stlth    +++.......             (no amulet)
HPRegen  0.07/turn              (no ring)
MPRegen  0.08/turn              (no ring)

@: no status effects
A: permanent stasis, dig shafts and tunnels, four strong arms, antennae 3
a: Dig, Shaft Self


You were on level 2 of the Dungeon.
You were not hungry.

You visited 1 branch of the dungeon, and saw 2 of its levels.

You collected 68 gold pieces.

Inventory:

Hand Weapons
 a - a +2 dagger
 b - a +0 blowgun
 p - a +1 short sword of flaming (weapon)
Missiles
 e - 8 poisoned needles
 f - 2 curare-tipped needles
Armour
 c - a +0 robe (worn)
 d - a +0 cloak (worn)
Scrolls
 j - a scroll of blinking
 k - a scroll of teleportation {unknown}
 l - a scroll of magic mapping {unknown}
 n - a scroll of immolation {unknown}
 r - a scroll of enchant armour {unknown}
Potions
 h - a potion of mutation {unknown}
 i - 2 potions of invisibility
 m - a potion of might
 q - 3 potions of brilliance {unknown}
Comestibles
 g - 2 rations


   Skills:
 + Level 2.2 Fighting
 + Level 2.3 Short Blades
 + Level 2.2 Throwing
 + Level 1.0 Dodging
 + Level 5.4 Stealth


You had one spell level left.
You didn't know any spells.
Your spell library was empty.

Dungeon Overview and Level Annotations

Branches:
Dungeon (2/15)

Altars:


Innate Abilities, Weirdness & Mutations

You cannot be hasted, slowed, berserked, paralysed or teleported.
You can dig through walls and to a lower floor.
Your four strong arms can wield two-handed weapons with a shield.
You have a pair of large antennae on your head. (SInv)


Message History

The gnoll burns you.
You hit the gnoll. You burn the gnoll.
The gnoll is moderately wounded.
The gnoll hits you with a +0 spear of chaos.
The gnoll freezes you.
You closely miss the gnoll.
The gnoll is moderately wounded.
The gnoll barely misses you.
You hit the gnoll. You burn the gnoll.
The gnoll is severely wounded.
The gnoll completely misses you.
You closely miss the gnoll.
The gnoll is severely wounded.
The gnoll hits you with a +0 spear of chaos!
* * * LOW HITPOINT WARNING * * *
You feel a strange sense of stasis.
You completely miss the gnoll.
The gnoll is severely wounded.
The gnoll hits you with a +0 spear of chaos!
You die...

. #..# #...# ..##
###.# #(## #..##
##..#### #.....###
###.......#
##g#.......#####..
#@#...............
####...g..######..
#<..#..#
#...#..#### .
###.#.....###..
#..#.##.....
##.#..#..###.
#...........
##.#.....##


You could see a gnoll.

Vanquished Creatures
  A leopard gecko (D:1)
  A ball python (D:1)
  2 giant cockroaches (D:1)
  4 goblins
  3 hobgoblins (D:1)
  A quokka (D:2)
  A bat (D:1)
  2 kobolds
15 creatures vanquished.

Notes
Turn   | Place    | Note
-------+----------+-------------------------------------------
     0 | D:1      | Kairos the Formicid Assassin began the quest for the Orb.
     0 | D:1      | Reached XP level 1. HP: 16/16 MP: 1/1
   182 | D:1      | Reached skill level 5 in Stealth
   182 | D:1      | Reached XP level 2. HP: 22/22 MP: 2/2
   262 | D:1      | Reached skill level 1 in Dodging
   767 | D:2      | HP: 1/22 [gnoll/+0 spear of chaos (10)]
   768 | D:2      | Mangled by a gnoll

Skill      XL: |  1  2 |
---------------+-------+-----
Stealth        | 5 |  5.4
Dodging        | 1 |  1.0
Fighting       | |  2.2
Short Blades   | |  2.3
Throwing       | |  2.2

Action                   || total
-------------------------++-------
Melee: Dagger            ||    44
       Short sword       ||    10
 Abil: Dig               ||     1
  Use: Scroll            ||     3
 Stab: Sleeping          ||     4
Armor: Robe              ||     7
Dodge: Dodged            ||    29
